 Dungeon Crawl Stone Soup version 0.27-a0-789-g6bb3289e1e (webtiles) character file.

Game seed: 16465321166844662282

217 robertstho the Shooter (level 5, 0/37 (45) HPs)
             Began as a Minotaur Hunter on Mar 26, 2021.
             Succumbed to a kobold's poison
             ... on level 4 of the Dungeon.
             The game lasted 00:04:02 (3557 turns).

robertstho the Shooter (Minotaur Hunter)            Turns: 3557, Time: 00:04:03

HP:   0/37 (45)     AC: 12    Str: 17    XL:     5   Next: 62%
MP:   4/4           EV:  5    Int:  8    God:
Gold: 129           SH:  5    Dex: 11    Spells: 4/4 levels left

rFire    . . .     SeeInvis .   a - +1 shortbow
rCold    . . .     Faith    .   (shield currently unavailable)
rNeg     . . .     Spirit   .   f - +0 plate armour
rPois    .         Reflect  +   (helmet restricted)
rElec    .         Harm     .   (no cloak)
rCorr    .         Rampage  .   (no gloves)
Will     .....                  i - +0 pair of boots
Stlth    ..........             h - amulet of reflection
HPRegen  0.12/turn              (no ring)
MPRegen  0.09/turn              (no ring)

@: lethally poisoned (0 -> -20), heavily drained
A: horns 2, retaliatory headbutt
a: no special abilities


You were on level 4 of the Dungeon.
You visited 2 branches of the dungeon, and saw 5 of its levels.

You collected 129 gold pieces.

Inventory:

Hand Weapons
 a - a +1 shortbow (weapon)
 b - a +0 short sword
 m - a +2 spear of flaming
Missiles
 d - 51 arrows (quivered ammo)
Armour
 c - a +0 leather armour
 f - a +0 plate armour (worn)
 i - a +0 pair of boots (worn)
Jewellery
 h - an amulet of reflection (around neck)
Scrolls
 e - a scroll of immolation {unknown}
 l - a scroll of identify
 o - a scroll of enchant weapon {unknown}
Potions
 g - a potion of lignification
 j - a potion of haste {unknown}
 k - a potion of flight {unknown}
 n - a potion of invisibility {unknown}


   Skills:
 * Level 3.4 Fighting
 * Level 6.8 Bows
 * Level 2.1 Armour
 + Level 2.4 Dodging
 - Level 0.7 Stealth


You had 4 spell levels left.
You didn't know any spells.
Your spell library was empty.

Dungeon Overview and Level Annotations

Branches:
Dungeon (4/15)             Temple (1/1) D:4

Altars:
Ashenzari
Dithmenos
Elyvilon
Fedhas
Gozag
Kikubaaqudgha
Makhleb
Nemelex Xobeh
Qazlal
Ru
Sif Muna
Trog
Vehumet
Wu Jian
Xom
Yredelemnul
Zin
The Shining One

Annotations:
D:4 Edmund


Innate Abilities, Weirdness & Mutations

You have a pair of horns on your head.
You reflexively headbutt those who attack you in melee.


Message History

You shoot an arrow. The arrow hits Edmund.
Edmund is moderately wounded.
You block Edmund's attack.
You shoot an arrow. The arrow hits Edmund!
Edmund is moderately wounded.
Edmund barely misses you.
You shoot an arrow. The arrow hits Edmund!
Edmund is heavily wounded.
Edmund hits you with a +2 flail of draining.
You feel drained.
You shoot an arrow. The arrow hits Edmund.
Edmund is heavily wounded.
Edmund hits you but does no damage.
You feel drained.
You shoot an arrow. The arrow hits Edmund!
Edmund is severely wounded.
Edmund hits you but does no damage.
You feel drained.
You shoot an arrow. The arrow hits Edmund!
Edmund is almost dead.
Edmund hits you with a +2 flail of draining.
You feel drained. The kobold hits you but does no damage.
You are poisoned.
You shoot an arrow.
The arrow hits Edmund but does no damage.
Edmund is almost dead.
You feel sick.
The kobold hits you with a +0 dagger of venom.
You are more poisoned.
Edmund hits you but does no damage.
You feel drained. The orc hits you but does no damage.
You shoot an arrow. The arrow barely misses Edmund.
You feel very sick.
Edmund hits you with a +2 flail of draining!
You feel drained. The kobold hits you but does no damage.
You are lethally poisoned!
You are too injured to fight recklessly!
You are too injured to fight recklessly!
You are too injured to fight recklessly!
You are too injured to fight recklessly!
Unknown command.
You die...

.. .. .. #. ###. #. ...
.## .. ..# .# #.#
#####K###(.. #.#
#....@(.(# #.# #..@.o...#
#.####.....>..#
#......####.....< .#.###
#......# #...### ......
#......# #.#..## ##....
#......## #.##..#####....
#..[....###.# #.##....#..
#........##.###.....##..#
#.##.###.##..)....#....##


You could see Edmund, an orc and a kobold.

Vanquished Creatures
  An orc priest (D:4)
  Robin (D:3)
  6 adders
  5 river rats (D:3)
  An ufetubus (D:4)
  An adder skeleton (D:4)
  2 worms (D:3)
  2 dart slugs
  An orc (D:4)
  4 ball pythons
  5 bats
  2 endoplasms (D:2)
  2 giant cockroaches (D:1)
  8 hobgoblins
  5 jackals
  A kobold (D:1)
  4 quokkas (D:1)
  4 frilled lizards
  6 goblins
  3 rats
64 creatures vanquished.

Notes
Turn   | Place    | Note
-------+----------+-------------------------------------------
     0 | D:1      | robertstho the Minotaur Hunter began the quest for the Orb.
     0 | D:1      | Reached XP level 1. HP: 18/18 MP: 0/0
   168 | D:1      | Reached XP level 2. HP: 25/25 MP: 1/1
   208 | D:1      | Reached skill level 5 in Bows
   682 | D:1      | Reached XP level 3. HP: 30/30 MP: 2/2
  1334 | D:2      | Found an ancient bone altar of Kikubaaqudgha.
  1340 | D:2      | Found a glowing golden altar of the Shining One.
  1400 | D:2      | Found an ornate altar of the Wu Jian Council.
  1712 | D:2      | Reached skill level 1 in Armour
  1718 | D:2      | Found a white marble altar of Elyvilon.
  2065 | D:3      | Found a faded altar of an unknown god.
  2285 | D:3      | Noticed Robin
  2316 | D:3      | Killed Robin
  2317 | D:3      | Reached XP level 4. HP: 26/37 MP: 3/3
  2726 | D:3      | Reached skill level 6 in Bows
  2914 | D:3      | Reached XP level 5. HP: 45/45 MP: 4/4
  3277 | D:4      | Found a staircase to the Ecumenical Temple.
  3391 | Temple   | Entered the Ecumenical Temple
  3541 | D:4      | Noticed Edmund
  3557 | D:4      | Succumbed to a kobold's poison

Illustrated notes

Levels and vault maps discovered:
D:1:      lightli_arrival_boilingwater, layout_basic
D:2:      layout_loops_corners, general_overflow_altar, old_standard_altar,
          grunt_temple_overflow_open, minmay_liquid_box
D:3:      layout_basic, lightli_sewer_entry_pipes,
          chequers_ecumenical_altar_twisty, minivault_26, uniq_robin
D:4:      layout_rooms, minmay_temple_entry_tees, uniq_edmund
Temple:   nicolae_temple_great_sept

Skill      XL: |  1  2  3  4  5 |
---------------+----------------+-----
Bows           | 5 6 |  6.8
Armour         | 1 2 |  2.1
Fighting       | 3 |  3.4
Dodging        | |  2.4
Stealth        | |  0.7

Action                   |  1- 3 |  4- 6 || total
-------------------------+-------+-------++-------
 Fire: Shortbow          |   119 |    82 ||   201
  Use: Scroll            |     1 |     4 ||     5
       Potion            |     1 |       ||     1
Armor: Leather armour    |     2 |       ||     2
       Plate armour      |    18 |    17 ||    35
Dodge: Dodged            |    23 |     9 ||    32
Block: Other             |    11 |     7 ||    18

Table legend: (Time is in decaauts)
 A = Elapsed time spent in this place.
 B = Non-inter-level travel time spent in this place.
 C = Inter-level travel time spent in this place.
 D = Time resting spent in this place.
 E = Time spent auto-exploring this place.
 F = Levels seen in this place.
 G = Mean time per level.
                   A        B        C        D        E       F      G
               +--------+--------+--------+--------+--------+-----+--------+
         Total |   3599 |   3360 |    239 |      0 |   2959 |   5 |  719.8 |
       Dungeon |   3518 |   3293 |    225 |      0 |   2892 |   4 |  879.5 |
        Temple |     80 |     67 |     13 |      0 |     67 |   1 |   80.0 |
               +--------+--------+--------+--------+--------+-----+--------+

Top non-repeatable levels by time:
     D:3: 1187 daAuts
     D:1: 1109 daAuts
     D:2: 906 daAuts
     D:4: 315 daAuts
  Temple: 80 daAuts
